Unix NetHack Version 3.7.0-70 Work-in-progress - last build Jan 20 2023 02:37:49 (416de4da9be3a1557180d233d1398bca634ded6a,branch:master). Game began 2023-01-21 18:06:56, ended 2023-01-21 18:13:12. McPanther, chaotic male elven Priest ---- -- --..| --.-- --...-- -....| -........--....- ----.-........- |..........-| #.#h-.......-- --.|.@%f......| |.............| | | --------.........-...-- -..........*......................- | ----------.....-----...- |..<..| --.. |.....| -... |...--- ---- --.-- -- McPanther the Acolyte St:13 Dx:11 Co:13 In:10 Wi:19 Ch:10 Chaotic S:333 Dlvl:3 $:33 HP:0(22) Pw:39(45) AC:5 Xp:3/50 T:833 Latest messages: You begin praying to Mars. You are surrounded by a shimmering light. Tusik picks up an elven dagger. Tusik misses the hobbit. Tusik drops an elven dagger. Tusik misses the hobbit. You finish your prayer. You feel that Mars is pleased. You feel much better. You kill the hobbit! Welcome to experience level 3. You see here an elven dagger. x - an elven dagger. You swap places with Tusik. What do you want to ready? [- $qsuwx or ?*] w - 5 darts (at the ready). You descend the stairs. You sense the presence of monsters. (For instructions type a '?') Done. The hobbit picks up 2 gems. The dwarf wields a broad pick. The gnome hits! You miss the gnome. You miss the gnome. The gnome hits! You kill the gnome! You see here a food ration. k - a food ration (2 in total). The jackal falls into a pit! The jackal is killed! The jackal bites! You kill the jackal! o - a strawberry (2 in total). There is a jackal corpse here; eat it? [ynq] (n) This jackal corpse is tough. You hear crashing rock. You finish eating the jackal corpse. The air around you begins to shimmer with a golden haze. The dwarf swings his broad pick. The dwarf hits! You miss the dwarf. The dwarf swings his broad pick. The dwarf hits! You die... Do you want your possessions identified? [ynq] (y) Do you want to see your attributes? [ynq] (y) Do you want an account of creatures vanquished? [ynaq] (y) Do you want to see your conduct and achievements? [ynq] (y) Do you want to see the dungeon overview? [ynq] (y) Inventory: Coins $ - 33 gold pieces Weapons v - 7 +0 crossbow bolts w - 5 +0 darts (at the ready) s - a +1 dagger u - a blessed +0 elven dagger x - a +0 elven dagger q - a +0 orcish dagger a - a blessed +1 mace (weapon in hand) Armor p - a cursed +0 orcish helm c - a +0 small shield (being worn) b - a +0 robe (being worn) Comestibles o - 2 strawberries e - a clove of garlic k - 2 food rations t - a pancake f - 2 sprigs of wolfsbane Scrolls r - a scroll of enchant armor Spellbooks g - a spellbook of detect monsters m - a blessed spellbook of invisibility h - a spellbook of protection Potions n - a potion of levitation j - a potion of paralysis d - 3 potions of holy water Tools i - a wooden harp McPanther the Priest's attributes: Background: You were an Acolyte, a level 3 elven Priest. You were chaotic, on a mission for Mars who was opposed by Mercury (lawful) and Venus (neutral). You were in the Gnomish Mines, on level 3. You entered the dungeon 833 turns ago. There was a new moon in effect when your adventure ended. You had 50 experience points, 30 more were needed to attain level 4. Your score was 333 before end-of-game adjustments. Basics: You had 0 out of 22 hit points. You had 39 out of 45 energy points (spell power). Your armor class was 5. Your wallet contained 33 zorkmids. Autopickup was on for '$"?!=/' plus thrown, with exceptions. Final Characteristics: Your strength was 13 (limit:18). Your dexterity was 11 (limit:18). Your constitution was 13 (limit:16). Your intelligence was 10 (limit:20). Your wisdom was 19 (limit:20). Your charisma was 10 (limit:18). Final Status: You were not hungry. You were unencumbered. You were wielding a mace. You had basic skill with mace. Final Attributes: You were devoutly aligned. You had infravision. You had a small defense bonus (+2). You were guarded. You are dead. Miscellaneous: You never encountered a bones level. Total elapsed playing time was 6 minutes and 15 seconds. Major events: Turn 1: McPanther the chaotic elven Priest entered the dungeon 314: entered the Gnomish Mines 793: attained the rank of Acolyte (level 3) 833: killed by a dwarf Vanquished creatures: 3 hobbits a gnome 6 jackals a kobold a goblin 3 sewer rats 7 grid bugs 2 lichens a kobold zombie 3 newts 28 creatures vanquished. No species were genocided or became extinct. Voluntary challenges: You read items or engraved 1 time. You never engraved Elbereth. You never genocided any monsters. You never polymorphed an object. You never changed form. You used no wishes. Achievements: You entered the Gnomish Mines. You attained the rank of Acolyte. The Dungeons of Doom: levels 1 to 3 Level 1: Level 2: "mimics!" A fountain. Stairs down to The Gnomish Mines. Level 3: A fountain. The Gnomish Mines: Level 3: <- You were here. Final resting place for you, killed by a dwarf. Game over: ---------- / \ / REST \ / IN \ / PEACE \ / \ | McPanther | | 33 Au | | killed by a | | dwarf | | | | | | 2023 | *| * * * | * _________)/\\_//(\/(/\)/\//\/|_)_______ Goodbye McPanther the Priest... You died in The Gnomish Mines on dungeon level 3 with 330 points, and 33 pieces of gold, after 833 moves. You were level 3 with a maximum of 22 hit points when you died.